 Dungeon Crawl Stone Soup version 0.16-a0-2839-gd16e107 (webtiles) character file.

117 Johnny the Firebug (level 4, -5/35 HPs)
             Began as a Demigod Fire Elementalist on Nov 29, 2014.
             Slain by Sigmund
             ... wielding a +1 scythe of protection
              (11 damage)
             ... on level 3 of the Dungeon.
             The game lasted 00:04:35 (2605 turns).

Johnny the Firebug (Demigod Fire Elementalist)      Turns: 2605, Time: 00:04:35

Health: -5/35      AC:  3    Str: 11    XL:     4   Next: 44%
Magic:  9/11       EV: 13    Int: 21    God:
Gold:   70         SH:  0    Dex: 16    Spells: 2 memorised, 3 levels left

rFire  . . .     SeeInvis .     o - +2 dagger (venom)
rCold  . . .     Clarity  .     a - +0 robe
rNeg   . . .     SustAb   +     (no shield)
rPois  .         Gourm    .     n - +0 helmet
rElec  .         Spirit   .     (no cloak)
rCorr  .         Warding  .     (no gloves)
rMut   .         Stasis   .     (no boots)
MR     .....                    (no amulet)
Stlth  ++........               (no ring)
                                (no ring)

@: very slightly contaminated, invisible, not resistant to hostile enchantments,
unstealthy
A: sustain abilities
a: no special abilities


You were on level 3 of the Dungeon.
You were hungry.

You visited 1 branch of the dungeon, and saw 3 of its levels.

You collected 70 gold pieces.

Inventory:

Hand weapons
 e - a +2 short sword of flaming
 f - a -2 hand axe
 o - a +2 dagger of venom (weapon)
 t - a +2 dagger of freezing
Armour
 a - a +0 robe (worn)
 n - a +0 helmet (worn)
Scrolls
 i - a scroll of teleportation
 j - a scroll of random uselessness {unknown}
 k - a scroll of recharging {unknown}
 r - a scroll of remove curse
Potions
 l - a potion of degeneration {unknown}
 p - a potion of brilliance {unknown}
Books
 b - a book of Flames

   Spells                             Type                      Level
   a - Flame Tongue                   Conjuration/Fire             1
   b - Throw Flame                    Conjuration/Fire             2
   c - Conjure Flame                  Conjuration/Fire             3
   d - Inner Flame                    Hexes/Fire                   3
   e - Sticky Flame                   Conjuration/Fire             4
   f - Fireball                       Conjuration/Fire             5
Comestibles
 c - 3 bread rations
 q - a meat ration
 s - a slice of pizza


   Skills:
 + Level 1.3 Fighting
 + Level 1.3 Armour
 * Level 2.3 Dodging
 - Level 1.7 Stealth
 * Level 2.5 Spellcasting
 * Level 1.2 Conjurations
 * Level 3.3 Fire Magic


You had 3 spell levels left.
You knew the following spells:

 Your Spells              Type           Power        Failure   Level  Hunger
a - Flame Tongue          Conj/Fire      ##...        8%          1    None
b - Sticky Flame          Conj/Fire      ##......     67%         4    ####...


Dungeon Overview and Level Annotations

Branches:
Dungeon (3/15)

Annotations:
D:3 Sigmund


Innate Abilities, Weirdness & Mutations

Your attributes are resistant to harm.


Message History

It was a potion of confusion.
The centaur skeleton hits you but does no damage.
Sigmund hits you with a scythe of protection!
* * * LOW HITPOINT WARNING * * *
Unknown command.
Drink which item? (? for menu, Esc to quit)
You feel better.
It was a potion of curing.
The centaur skeleton hits you. Sigmund misses you.
Unknown command.
Drink which item? (? for menu, Esc to quit)
You feel refreshed.
It was a potion of restore abilities.
The centaur skeleton hits you but does no damage.
The centaur skeleton hits you.
* * * LOW HITPOINT WARNING * * *
Drink which item? (? for menu, Esc to quit)
You fade into invisibility!
It was a potion of invisibility.
The centaur skeleton closely misses you.
Sigmund hits you with a scythe of protection!
You die...

.###..##..#...#...#...#
.# ##.....!.#...#...#..
.# ###...#...#...#...#
.#######....#...#)..#....
..........#..?#...#...#..
#########...#...#...#....
.# #.#...#...#...#.. .#
##).#...#Z..#!(. .#
###..#.@@#).... ##
###..#?....# ###....###
######


You could see Sigmund and a centaur skeleton.

Vanquished Creatures
  5 adders (D:2)
  2 worms (D:3)
  A giant gecko (D:1)
  4 orcs (D:3)
  A ball python (D:1)
  2 giant cockroaches
  7 hobgoblins
  9 kobolds
  7 bats
  A giant newt (D:1)
  8 goblins
  9 rats
56 creatures vanquished.

Notes
Turn   | Place    | Note
--------------------------------------------------------------
     0 | D:1      | Johnny, the Demigod Fire Elementalist, began the quest for the Orb.
     0 | D:1      | Reached XP level 1. HP: 14/14 MP: 3/3
   402 | D:1      | Reached skill level 1 in Conjurations
   418 | D:1      | Reached XP level 2. HP: 22/22 MP: 0/4
  1101 | D:1      | Reached skill level 3 in Fire Magic
  1246 | D:2      | Reached skill level 1 in Armour
  1260 | D:2      | Reached XP level 3. HP: 23/27 MP: 6/8
  1264 | D:2      | Reached skill level 1 in Fighting
  1773 | D:2      | Reached XP level 4. HP: 20/35 MP: 9/11
  2188 | D:3      | Learned a level 4 spell: Sticky Flame
  2487 | D:3      | Noticed Sigmund
  2605 | D:3      | Slain by Sigmund

Action                   |  1- 3 |  4- 6 || total
-------------------------+-------+-------++-------
Melee: Hand axe          |    43 |       ||    43
       Dagger            |     5 |    27 ||    32
 Cast: Flame Tongue      |    59 |    14 ||    73
  Use: Scroll            |     3 |       ||     3
       Potion            |       |     4 ||     4
 Stab: Sleeping          |       |     1 ||     1
  Eat: Chunk             |     2 |     3 ||     5
